 Dungeon Crawl Stone Soup version 0.31.0-10-gcf4a605ca0 (webtiles) character file.

Game seed: 6279674028378281408

10381 dexterity1 the Cruncher (level 11, -12/69 HPs)
             Began as a Gargoyle Berserker on Jan 22, 2024.
             Was an Elder of Trog.
             Mangled by a skeletal warrior
             ... wielding a +0 trident
              (17 damage)
             ... on level 11 of the Dungeon on Jan 25, 2024.
             The game lasted 04:06:58 (10614 turns).

dexterity1 the Cruncher (Gargoyle Berserker)       Turns: 10614, Time: 04:06:58

Health: -12/69     AC: 27    Str: 27    XL:     11   Next: 61%
Magic:  11/11      EV:  9    Int: 11    God:    Trog [****..]
Gold:   255        SH:  0    Dex: 14    Spells: 10/10 levels left

rFire   + . .        b - +4 quarterstaff of Terror {flame, rCorr Str+2}
rCold   . . .        (shield currently unavailable)
rNeg    + . .        r - +0 plate armour
rPois   ∞            K - +0 helmet
rElec   +            A - +0 cloak
rCorr   +            (no gloves)
SInv    .            (no boots)
Will    ++...        (no amulet) Stlth
                     a - +6 ring of dexterity
HPRegen 2.11/turn    t - +4 ring of slaying
MPRegen 0.12/turn

%: no passive effects
@: strong-willed, regenerating
A: sickness immunity, AC +8, negative energy resistance 1, electricity
resistance, torment resistance 1, petrification resistance, iridescent scales 1,
clever 1, fire resistance 1, regeneration 1
a: Renounce Religion, Berserk, Trog's Hand, Brothers in Arms


You were on level 11 of the Dungeon.
You worshipped Trog.
Trog was greatly pleased with you.
You visited 2 branches of the dungeon, and saw 12 of its levels.

You collected 871 gold pieces.
You spent 616 gold pieces at shops.

Inventory:

Hand Weapons
 b - the +4 quarterstaff of Terror (weapon) {flame, rCorr Str+2}
   (You bought it in a shop on level 6 of the Dungeon)

   Str+2:     It affects your strength (+2).
   rCorr:     It protects you from acid and corrosion.
 c - a +2 great sword
 d - a +0 battleaxe
 f - a +5 dagger
 g - a +0 orcbow
 h - a +0 giant club
 i - a +0 shortbow
 m - a +0 broad axe of venom
 n - a +0 spear
 p - a +0 glaive
 v - the +2 short sword "Visog" {flame, Int+2}
   (You found it on level 3 of the Dungeon)

   Int+2:     It affects your intelligence (+2).
 y - a +3 quarterstaff of freezing
 F - a +0 arbalest
 M - a +0 trident
Missiles
 j - 6 boomerangs
 q - 7 poisoned darts
 O - 4 curare-tipped darts (quivered)
Armour
 r - a +0 plate armour (worn)
 s - a +0 kite shield
 A - a +0 cloak (worn)
 C - the +4 scale mail of Tempters {rC+ MP+9}
   (You found it on level 11 of the Dungeon)

   rC+:       It protects you from cold.
   MP+9:      It affects your magic capacity (+9).
 E - the +0 robe "Monwoat" {Regen+}
   (You took it off a kobold on level 4 of the Dungeon)

   Regen+:    It increases your rate of health regeneration.
 K - a +0 helmet (worn)
Jewellery
 a - a +6 ring of dexterity (left hand)
 k - a ring of see invisible
 o - a +6 ring of intelligence
 t - a +4 ring of slaying (right hand)
 w - a ring of protection from fire
 H - a ring of flight
Talismans
 z - a granite talisman
Wands
 l - a wand of light (9)
 B - a wand of flame (7)
 D - a wand of roots (39)
 I - a wand of polymorph (10)
Scrolls
 e - 10 scrolls of identify
 J - a scroll of teleportation
Potions
 x - a potion of curing


   Skills:
 + Level 8.9 Fighting
 + Level 4.0(4.9) Axes
 + Level 4.4(9.4) Maces & Flails
 + Level 12.0(12.3) Staves
 + Level 2.1 Throwing
 + Level 9.2 Armour
 + Level 3.3 Dodging
 + Level 2.0 Stealth
 + Level 0.4 Evocations


You had 10 spell levels left.
You didn't know any spells.
Your spell library was empty.

Dungeon Overview and Level Annotations

Branches:
Dungeon (11/15)            Temple (1/1) D:7            Lair (0/5) D:10
    Orc: D:9-12

Altars:
Ashenzari
Cheibriados
Dithmenos
Elyvilon
Fedhas
Gozag
Hepliaklqana
Kikubaaqudgha
Makhleb
Nemelex Xobeh
Okawaru
Qazlal
Ru
Sif Muna
Trog
Uskayaw
Vehumet
Wu Jian
Xom
Yredelemnul
Zin
The Shining One

Shops:
D:6 (   D:10 *

Annotations:
D:4 Menkaure
D:9 4 runed translucent doors


Innate Abilities, Weirdness & Mutations

You are immune to sickness and miasma.
Your stone body is resilient. (AC +8)
You are immune to poison.
You resist negative energy. (rN+)
You are resistant to electric shocks. (rElec)
You are resistant to unholy torment.
You are immune to petrification.
You are partially covered in iridescent scales. (AC +2)
Your mind is acute. (Int +4, Str/Dex -1)
Your flesh is heat resistant. (rF+)
Your natural rate of healing is unusually fast.


Message History

The skeletal warrior is moderately damaged.
The skeletal warrior barely misses you.
You sock the skeletal warrior! You burn the skeletal warrior.
The skeletal warrior is heavily damaged.
The skeletal warrior closely misses you.
The skeletal warrior hits you but does no damage.
You barely miss the skeletal warrior.
The skeletal warrior is heavily damaged.
The skeletal warrior hits you from afar with a +0 trident.
Hit: b) +4 quarterstaff of Terror {flame, rCorr Str+2}
Press: ? - help, Dir - move target, f - skeletal warrior, p - skeletal warrior
Aim: a skeletal warrior, wielding a +0 vampiric war axe (heavily damaged, about 25% to evade the +4 quarterstaff of Terror)
You barely miss the skeletal warrior.
The skeletal warrior is heavily damaged.
The skeletal warrior hits you with a +0 vampiric war axe!!
Hit: b) +4 quarterstaff of Terror {flame, rCorr Str+2}
Press: ? - help, Dir - move target, f/p - skeletal warrior
Aim: a skeletal warrior, wielding a +0 vampiric war axe (heavily damaged, about 25% to evade the +4 quarterstaff of Terror)
You hit the skeletal warrior. You burn the skeletal warrior.
The skeletal warrior is heavily damaged.
The skeletal warrior hits you from afar with a +0 trident.
The skeletal warrior hits you with a +0 vampiric war axe!
Hit: b) +4 quarterstaff of Terror {flame, rCorr Str+2}
Press: ? - help, Dir - move target, f/p - skeletal warrior
Aim: a skeletal warrior, wielding a +0 vampiric war axe (heavily damaged, about 25% to evade the +4 quarterstaff of Terror)
You closely miss the skeletal warrior.
The skeletal warrior is heavily damaged.
The skeletal warrior hits you from afar with a +0 trident.
* * * LOW HITPOINT WARNING * * *
Your skin crawls.
You feel strong-willed.
The skeletal warrior hits you with a +0 vampiric war axe!
* * * LOW HITPOINT WARNING * * *
The skeletal warrior hits you from afar with a +0 trident!
* * * LOW HITPOINT WARNING * * *
You feel better.
The skeletal warrior hits you with a +0 vampiric war axe!
* * * LOW HITPOINT WARNING * * *
The skeletal warrior hits you from afar with a +0 trident!
You die...

.##.....### ##..##
.#........### ##.#
............## #.#
.#...........# ##.#
.#...........## #.##
..............# #.#
..............# ###.#
..#...††....#####.(.#
..##..†.....zzzz@...#
......†...#########.###
.########## #...### ##
#.>...######
##.##....#..#
#..####.....### #..#
#.......## ####.##
#.....#..) ##....#
#.....###.


You could see 4 skeletal warriors.

Vanquished Creatures
  A centaur warrior (D:9)
  The ghost of Fodor the Protected, a novice MiFi (D:6)
  A cyclops (D:9)
  A rust devil (D:7)
  2 unseen horrors
  A kobold demonologist (D:10)
  2 hornets
  A troll (D:10)
  Grinder (D:4)
  4 shadows
  A vampire (D:11)
  2 wyverns
  Eustachio (D:4)
  A wraith (D:9)
  14 yaks
  2 steam dragons
  4 vampire mosquitoes (D:11)
  An acid dragon (D:11)
  Duvessa (D:5)
  An ice beast (D:6)
  An ogre (D:7)
  2 orc warriors
  5 centaurs
  A kobold brigand (D:6)
  A bullfrog (D:7)
  A gnoll sergeant (D:9)
  2 scorpions
  4 wights (D:7)
  Dowan (D:5)
  A killer bee (D:9)
  3 howler monkeys
  A bombardier beetle (D:7)
  3 quasits (D:6)
  2 hounds (D:6)
  3 jellies
  6 orc priests
  2 sleepcaps
  2 iguanas (D:5)
  8 orc wizards
  10 gnolls
  12 adders
  2 white imps (D:6)
  6 ufetubi (D:6)
  3 dart slugs
  A ribbon worm (D:5)
  49 orcs
  6 ball pythons
  5 bats
  7 endoplasms
  4 giant cockroaches
  11 goblins
  4 hobgoblins
  3 jackals (D:1)
  4 frilled lizards
  3 kobolds
  9 rats
231 creatures vanquished.

Notes
Turn   | Place    | Note
-------+----------+-------------------------------------------
     0 | D:1      | dexterity1 the Gargoyle Berserker began the quest for the
                  | Orb.
     0 | D:1      | Reached XP level 1. HP: 14/14 MP: 1/1
    67 | D:1      | Found a faded altar of an unknown god.
   144 | D:1      | Reached XP level 2. HP: 15/19 MP: 2/2
   181 | D:1      | You fall into a shaft and drop 1 floor!
   501 | D:1      | Reached XP level 3. HP: 23/24 MP: 3/3
   874 | D:2      | Reached ** piety under Trog
  1192 | D:2      | Reached XP level 4. HP: 28/29 MP: 4/4
  1570 | D:2      | Reached XP level 5. HP: 33/33 MP: 5/5
  2697 | D:3      | Identified the +2 short sword "Visog" {flame, Int+2}
  3072 | D:3      | Found a glowing silver altar of Zin.
  3221 | D:4      | Noticed Menkaure
  3437 | D:4      | Reached skill level 1 in Maces & Flails
  3679 | D:5      | Entered Level 5 of the Dungeon
  3685 | D:5      | Reached XP level 6. HP: 38/38 MP: 6/6
  3756 | D:5      | Noticed Dowan
  3757 | D:5      | Noticed Duvessa
  3760 | D:5      | Noticed Grinder
  3816 | D:4      | Identified the +0 robe "Monwoat" {Regen+}
  3845 | D:4      | Killed Grinder
  3846 | D:4      | Reached skill level 2 in Staves
  3971 | D:4      | Found a hazy altar of Hepliaklqana.
  4112 | D:4      | Noticed Eustachio
  4113 | D:4      | Gained mutation: Your flesh is heat resistant. (rF+)
                  | [potion of mutation]
  4113 | D:4      | Gained mutation: Your natural rate of healing is unusually
                  | fast. [potion of mutation]
  4113 | D:4      | Gained mutation: Your mind is acute. (Int +4, Str/Dex -1)
                  | [potion of mutation]
  4113 | D:4      | Gained mutation: You are partially covered in iridescent
                  | scales. (AC +2) [potion of mutation]
  4131 | D:4      | Upgraded the game from 0.31.0-4-g52a2dc7128 to
                  | 0.31.0-7-gf635a9b802
  4140 | D:4      | Killed Eustachio
  4141 | D:4      | Reached skill level 1 in Stealth
  4141 | D:4      | Reached XP level 7. HP: 44/44 MP: 7/7
  4629 | D:5      | Reached skill level 3 in Staves
  4653 | D:5      | Reached *** piety under Trog
  4737 | D:5      | Found a sacrificial altar of Ru.
  4939 | D:5      | an ogre changed into a steam dragon
  4939 | D:5      | Noticed a steam dragon
  4951 | D:5      | Killed a steam dragon
  4983 | D:5      | Found a snail-covered altar of Cheibriados.
  5081 | D:5      | Reached XP level 8. HP: 39/48 MP: 8/8
  5536 | D:5      | Killed Dowan
  5551 | D:5      | Killed Duvessa
  5552 | D:5      | Reached skill level 4 in Staves
  5552 | D:5      | Reached skill level 5 in Armour
  5877 | D:6      | Found a transporter.
  5882 | D:6      | Noticed Fodor's ghost (novice MiFi)
  6060 | D:6      | Found a transporter.
  6244 | D:6      | Found Loippyun's Weapon Emporium.
  6253 | D:6      | Reached skill level 5 in Fighting
  6253 | D:6      | Reached skill level 5 in Staves
  6539 | D:6      | Killed Fodor's ghost
  6540 | D:6      | Reached skill level 6 in Staves
  6540 | D:6      | Reached XP level 9. HP: 55/55 MP: 9/9
  6633 | D:7      | Reached skill level 7 in Staves
  6656 | D:7      | Noticed an angel
  6697 | D:7      | Found a staircase to the Ecumenical Temple.
  6706 | Temple   | Entered the Ecumenical Temple
  6874 | D:7      | Noticed a rust devil
  6944 | D:7      | Upgraded the game from 0.31.0-7-gf635a9b802 to
                  | 0.31.0-9-g3a7656b989
  7016 | D:7      | Killed a rust devil
  7017 | D:7      | Reached skill level 1 in Throwing
  7165 | D:7      | Found a flagged portal.
  7307 | D:7      | Reached skill level 8 in Staves
  7394 | D:7      | Reached **** piety under Trog
  7650 | D:8      | Noticed a hornet
  7660 | D:8      | Killed a hornet
  7661 | D:8      | Reached XP level 10. HP: 55/61 MP: 10/10
  7737 | D:8      | Found a radiant altar of Vehumet.
  7824 | D:8      | Found a sparkling altar of Nemelex Xobeh.
  7824 | D:8      | Found an opulent altar of Gozag.
  7825 | D:8      | Noticed an unseen horror
  7842 | D:8      | Killed an unseen horror
  8022 | D:8      | Identified the +8 dagger of Mol Asok {distort, Dex+2}
  8241 | D:9      | Reached skill level 9 in Staves
  8335 | D:9      | Found a large runed translucent door.
  8336 | D:9      | Found a large runed translucent door.
  8338 | D:9      | Noticed a gargoyle
  8338 | D:9      | Noticed an eight-headed hydra
  8492 | D:6      | Bought the +4 quarterstaff of Terror {flame, rCorr Str+2}
                  | for 616 gold pieces
  8582 | D:9      | Noticed a centaur warrior
  8583 | D:9      | Reached skill level 10 in Staves
  8599 | D:9      | Killed a centaur warrior
  8638 | D:9      | Found a large runed translucent door.
  8638 | D:9      | Found a large runed translucent door.
  8644 | D:9      | Noticed a cyclops
  8687 | D:9      | Killed a cyclops
  8688 | D:9      | Reached XP level 11. HP: 63/68 MP: 11/11
  8825 | D:9      | Found a hide-covered altar of Uskayaw.
  8969 | D:9      | Reached skill level 11 in Staves
  9459 | D:10     | Entered Level 10 of the Dungeon
  9472 | D:10     | Upgraded the game from 0.31.0-9-g3a7656b989 to
                  | 0.31.0-10-gcf4a605ca0
  9681 | D:10     | Found a staircase to the Lair.
  9709 | D:10     | Found Fegelaac's Gadget Gallery.
 10184 | D:11     | Identified the +4 scale mail of Tempters {rC+ MP+9}
 10498 | D:11     | Reached skill level 12 in Staves
 10560 | D:11     | Noticed a skeletal warrior
 10560 | D:11     | Noticed a skeletal warrior
 10567 | D:11     | Noticed a skeletal warrior
 10571 | D:11     | Noticed a skeletal warrior
 10614 | D:11     | Mangled by a skeletal warrior

Illustrated notes

Levels and vault maps discovered:
D:1:      nagdon_arrival_zigzag_paths, layout_basic,
          shapermc_ecumenical_altar_starsandcircs
D:2:      layout_loops_corners, serial_forest, infiniplex_forest_lined_room_2,
          infiniplex_forest_split, infiniplex_forest_lined_corner,
          infiniplex_forest_clump_double, infiniplex_forest_lined_3,
          infiniplex_forest_fountain, infiniplex_forest_side_room,
          grunt_ministairs_4, kennysheep_generic_room_3
D:3:      layout_loops_ring, zin_statuary
D:4:      layout_loops_ring, mainiacjoe_overflow_six_doors_small,
          nicolae_figureground_sparkle, uniq_menkaure, uniq_eustachio
D:5:      layout_basic, chei_slow_surprise, nicolae_ru_sacrificial_ziggurat,
          uniq_grinder, uniq_duvessa
D:6:      layout_cave_pools, gammafunk_ghost_stat_death, minivault_14,
          kennysheep_small_circle
D:7:      layout_cave_pods, temple_garden, lightli_bailey_entry_fortress
D:8:      layout_cave_pools, amcnicky_altar_gilded,
          grunt_temple_overflow_opulence, nicolae_the_louvre
D:9:      layout_long_grid, mainiacjoe_overflow_24_doors,
          minmay_hollow_rounded_squares
D:10:     layout_gridville, lair_entry_dummy, nicolae_shop_gadgets
D:11:     layout_cave_pods, orc_0_dummy
Temple:   compressed_dpeg_circular_temple

Skill      XL: |  1  2  3  4  5  6  7  8  9 10 11 |
---------------+----------------------------------+-----
Axes           | 3 4 |  4.0
Dodging        | 2 3 |  3.3
Fighting       | 4 5 6 8 |  8.9
Armour         | 3 4 6 7 8 9 |  9.2
Maces & Flails | 1 2 3 4 |  4.4
Staves         | 2 3 6 8 10 12 | 12.0
Stealth        | 1 2 |  2.0
Throwing       | 1 2 |  2.1
Evocations     | |  0.4

Action                     |  1- 3 |  4- 6 |  7- 9 | 10-12 || total
---------------------------+-------+-------+-------+-------++-------
  Melee: Hand axe          |   120 |   221 |       |       ||   341
         Punch             |     1 |     4 |       |       ||     5
         Flail             |       |    50 |       |       ||    50
         Quarterstaff      |       |    78 |   298 |   283 ||   659
         Short sword       |       |     9 |    16 |       ||    25
         Trident           |       |       |    40 |       ||    40
  Throw: Stone             |     1 |       |    25 |       ||    26
         Boomerang         |       |     3 |       |     5 ||     8
         Dart              |       |       |     3 |    10 ||    13
         Throwing net      |       |       |       |     2 ||     2
 Invoke: Berserk           |       |     2 |     4 |       ||     6
         Trog's Hand       |       |     1 |     4 |     4 ||     9
         Brothers in Arms  |       |       |       |     1 ||     1
  Evoke: Wand              |       |       |     4 |     4 ||     8
    Use: Potion            |     2 |     9 |     2 |     4 ||    17
         Scroll            |     1 |     6 |     3 |     7 ||    17
   Stab: Invisible         |       |       |     2 |       ||     2
         Distracted        |       |       |       |     1 ||     1
 Armour: Animal skin       |    35 |       |       |       ||    35
         Ring mail         |    44 |    66 |       |       ||   110
         Plate armour      |       |    66 |   474 |   287 ||   827
         Scale mail        |       |     2 |       |       ||     2
         Skin              |       |    36 |       |       ||    36
  Dodge: Dodged            |    79 |    92 |   176 |   128 ||   475
